 Dungeon Crawl Stone Soup version 0.28.0-53-g5a82cb258f (webtiles) character file.

Game seed: 2825896128938775749

198 MisterFreud the Covert (level 5, 0/47 HPs)
             Began as a Gnoll Delver on June 6, 2022.
             Slain by a bullfrog (6 damage)
             ... in a sewer.
             The game lasted 00:05:52 (1602 turns).

MisterFreud the Covert (Gnoll Delver)               Turns: 1602, Time: 00:05:53

Health: 0/47       AC:  3    Str: 11    XL:     5   Next: 77%
Magic:  7/7        EV: 13    Int: 11    God:
Gold:   16         SH:  0    Dex: 14    Spells: 7/7 levels left

rFire   . . .      SeeInvis .   a - +0 short sword
rCold   . . .      Faith    .   (no shield)
rNeg    . . .      Spirit   .   b - +0 leather armour
rPois   .          Reflect  .   (no helmet)
rElec   .          Harm     .   (no cloak)
rCorr   .          Rampage  .   (no gloves)
Will    .....                   (no boots)
Stlth   ++++......              (no amulet)
HPRegen 0.15/turn               d - ring of wizardry
MPRegen 0.10/turn               (no ring)

@: no status effects
A: fangs 1, strong nose, distributed training
a: no special abilities


You were in a sewer.
You visited 1 branch of the dungeon, and saw 4 of its levels.
You also visited: Sewer.

You collected 16 gold pieces.

Inventory:

Hand Weapons
 a - a +0 short sword (weapon)
Armour
 b - a +0 leather armour (worn)
Jewellery
 d - a ring of wizardry (left hand)
Wands
 g - a wand of digging (3)
Scrolls
 c - a scroll of fog
 j - a scroll of enchant armour


   Skills:
 + Level 6.7 Fighting
 + Level 4.8 Short Blades
 + Level 1.6 Long Blades
 + Level 1.6 Axes
 + Level 1.6 Maces & Flails
 + Level 1.6 Polearms
 + Level 1.6 Staves
 + Level 1.6 Slings
 + Level 1.6 Bows
 + Level 1.6 Crossbows
 + Level 1.6 Throwing
 + Level 1.6 Armour
 + Level 4.8 Dodging
 + Level 9.7 Stealth
 + Level 1.6 Shields
 + Level 1.6 Unarmed Combat
 + Level 1.6 Spellcasting
 + Level 1.3 Conjurations
 + Level 1.3 Hexes
 + Level 1.3 Summonings
 + Level 1.3 Necromancy
 + Level 1.3 Translocations
 + Level 1.3 Transmutations
 + Level 1.3 Fire Magic
 + Level 1.3 Ice Magic
 + Level 1.3 Air Magic
 + Level 1.3 Earth Magic
 + Level 1.3 Poison Magic
 + Level 1.8 Invocations
 + Level 1.6 Evocations


You had 7 spell levels left.
You didn't know any spells.
Your spell library was empty.

Dungeon Overview and Level Annotations

Branches:
Dungeon (6/15)              Sewer (1/1)
 Temple: D:4-7

Altars:

Shops:
D:5 ?


Innate Abilities, Weirdness & Mutations

You have very sharp teeth.
Your uncanny sense of smell can sniff out nearby items.
Your experience applies equally to all skills.


Message History

The bullfrog is lightly wounded.
The bullfrog hits you but does no damage. x2
You hit the bullfrog.
The bullfrog is moderately wounded.
The bullfrog hits you but does no damage.
You hit the bullfrog but do no damage.
The bullfrog is moderately wounded.
The bullfrog misses you.
You miss the bullfrog.
The bullfrog is moderately wounded.
The bullfrog misses you. The bullfrog closely misses you.
You barely miss the bullfrog. You bite the bullfrog.
The bullfrog is moderately wounded.
The bullfrog misses you.
You closely miss the bullfrog.
The bullfrog is moderately wounded.
The bullfrog closely misses you.
You barely miss the bullfrog.
The bullfrog is moderately wounded.
The bullfrog hits you.
You closely miss the bullfrog.
The bullfrog is moderately wounded.
The bullfrog barely misses you.
You barely miss the bullfrog. Your bite misses the bullfrog.
The bullfrog is moderately wounded.
The bullfrog hits you.
* * * LOW HITPOINT WARNING * * *
The bullfrog closely misses you.
You closely miss the bullfrog.
The bullfrog is moderately wounded.
The bullfrog closely misses you.
You hit the bullfrog.
The bullfrog is heavily wounded.
The bullfrog misses you.
You hit the bullfrog. You bite the bullfrog.
The bullfrog is almost dead.
The bullfrog hits you.
* * * LOW HITPOINT WARNING * * *
The bullfrog hits you.
You die...

≈≈≈≈≈≈≈≈≈≈≈≈≈≈≈≈≈≈≈≈.#
≈≈≈≈≈≈≈≈≈≈≈≈≈≈≈≈≈≈≈≈≈#
≈≈≈≈≈......F..≈.≈≈≈≈≈#
≈≈≈≈≈≈≈≈≈#######≈≈≈≈≈#
≈≈≈≈≈≈≈≈≈≈≈# #.≈≈≈.#
≈≈≈≈≈≈≈≈≈≈≈# #†≈≈≈.#
B≈≈B≈≈≈≈≈≈≈≈# #.≈≈≈.#
≈.≈?r≈≈≈≈≈≈≈# #F≈≈≈.#
≈≈$)?.≈≈≈≈≈≈# #@≈≈≈.#
..}$.≈≈≈≈≈≈≈# #≈≈≈≈≈#
#≈≈≈≈.# #.≈≈≈≈#
#.≈≈≈≈# #≈≈≈≈≈#
#≈≈≈≈≈# #.≈≈≈.#
#.≈≈≈.#


You could see a bullfrog.

Vanquished Creatures
  A kobold brigand (D:4)
  A bullfrog (Sewer)
  A hound skeleton (D:4)
  An adder (Sewer)
  A dart slug (D:3)
  4 orcs (D:4)
  4 ball pythons
  9 giant cockroaches
  3 jackals (D:4)
  A kobold (D:3)
  4 quokkas (Sewer)
  5 frilled lizards (Sewer)
35 creatures vanquished.

Notes
Turn   | Place    | Note
-------+----------+-------------------------------------------
     0 | D:5      | Reached skill level 9 in Stealth
     0 | D:5      | MisterFreud the Gnoll Delver began the quest for the Orb.
     0 | D:5      | Reached XP level 1. HP: 23/23 MP: 1/1
    18 | D:5      | Found Noapop's Magic Scroll Boutique.
    86 | D:4      | Reached XP level 2. HP: 18/29 MP: 2/2
   278 | D:4      | Reached XP level 3. HP: 20/35 MP: 3/3
   422 | D:4      | Noticed a kobold brigand
   447 | D:4      | Killed a kobold brigand
   448 | D:4      | Reached skill level 1 in Long Blades
   448 | D:4      | Reached skill level 1 in Axes
   448 | D:4      | Reached skill level 1 in Maces & Flails
   448 | D:4      | Reached skill level 1 in Polearms
   448 | D:4      | Reached skill level 1 in Staves
   448 | D:4      | Reached skill level 1 in Slings
   448 | D:4      | Reached skill level 1 in Bows
   448 | D:4      | Reached skill level 1 in Crossbows
   448 | D:4      | Reached skill level 1 in Throwing
   448 | D:4      | Reached skill level 1 in Armour
   448 | D:4      | Reached skill level 1 in Shields
   448 | D:4      | Reached skill level 1 in Unarmed Combat
   448 | D:4      | Reached skill level 1 in Spellcasting
   448 | D:4      | Reached skill level 1 in Conjurations
   448 | D:4      | Reached skill level 1 in Hexes
   448 | D:4      | Reached skill level 1 in Summonings
   448 | D:4      | Reached skill level 1 in Necromancy
   448 | D:4      | Reached skill level 1 in Translocations
   448 | D:4      | Reached skill level 1 in Transmutations
   448 | D:4      | Reached skill level 1 in Fire Magic
   448 | D:4      | Reached skill level 1 in Ice Magic
   448 | D:4      | Reached skill level 1 in Air Magic
   448 | D:4      | Reached skill level 1 in Earth Magic
   448 | D:4      | Reached skill level 1 in Poison Magic
   448 | D:4      | Reached skill level 1 in Invocations
   448 | D:4      | Reached skill level 1 in Evocations
   448 | D:4      | Reached XP level 4. HP: 22/41 MP: 3/5
   735 | D:3      | Found a glowing drain.
   765 | Sewer    | Entered a sewer
   948 | Sewer    | Reached XP level 5. HP: 29/47 MP: 5/7
  1602 | Sewer    | Slain by a bullfrog

Illustrated notes

Levels and vault maps discovered:
D:3:      layout_loops_ring, serial_shops, shop, cheibrodos_sewer_entry_drain
D:4:      layout_basic
D:5:      layout_cave_pools, serial_gnoll_camp, gnoll_camp_mini_loothouse,
          gnoll_camp_huts_basic, gnoll_camp_mini_house, gnoll_camp_mini_house,
          gnoll_camp_medium_02, gnoll_camp_mini_basic, nicolae_wooded_promenade
D:6:      minmay_clustersquares, layout_basic,
          minmay_temple_entry_statues_fountains
Sewer:    sewer_frog_island_01

Skill      XL: |  1  2  3 |
---------------+----------+-----
Stealth        | |  9.7
Long Blades    | 1 |  1.6
Axes           | 1 |  1.6
Maces & Flails | 1 |  1.6
Polearms       | 1 |  1.6
Staves         | 1 |  1.6
Slings         | 1 |  1.6
Bows           | 1 |  1.6
Crossbows      | 1 |  1.6
Throwing       | 1 |  1.6
Armour         | 1 |  1.6
Shields        | 1 |  1.6
Unarmed Combat | 1 |  1.6
Spellcasting   | 1 |  1.6
Conjurations   | 1 |  1.3
Hexes          | 1 |  1.3
Summonings     | 1 |  1.3
Necromancy     | 1 |  1.3
Translocations | 1 |  1.3
Transmutations | 1 |  1.3
Fire Magic     | 1 |  1.3
Ice Magic      | 1 |  1.3
Air Magic      | 1 |  1.3
Earth Magic    | 1 |  1.3
Poison Magic   | 1 |  1.3
Invocations    | 1 |  1.8
Evocations     | 1 |  1.6
Fighting       | |  6.7
Short Blades   | |  4.8
Dodging        | |  4.8

Action                   |  1- 3 |  4- 6 || total
-------------------------+-------+-------++-------
Melee: Short sword       |    64 |   141 ||   205
       Bite              |    10 |    14 ||    24
       Punch             |     2 |     1 ||     3
Throw: Dart              |       |     1 ||     1
  Use: Potion            |     1 |     2 ||     3
       Scroll            |       |     3 ||     3
 Stab: Sleeping          |     1 |     3 ||     4
Armor: Leather armour    |     7 |    31 ||    38
Dodge: Dodged            |    43 |    90 ||   133
